 Seeded DCSS version 0.29.1-2-gbd0b4ee654 (webtiles) character file.

Game seed: 86594 (custom seed)

47 Ashen the Chiller (level 3, -4/24 HPs)
             Began as a Demonspawn Ice Elementalist on Oct 31, 2022.
             Slain by a goblin
             ... wielding a +0 dagger
             ... led by Robin
              (5 damage)
             ... on level 2 of the Dungeon.
             The game lasted 00:03:22 (1889 turns).

Ashen the Chiller (Demonspawn Ice Elementalist)     Turns: 1889, Time: 00:03:22

Health: -4/24      AC:  3    Str:  8    XL:     3   Next: 48%
Magic:  6/6        EV: 12    Int: 18    God:
Gold:   72         SH:  0    Dex: 19    Spells: 0/7 levels left

rFire   . . .      SeeInvis .   j - +0 spear
rCold   . . .      Faith    .   (no shield)
rNeg    . . .      Spirit   .   b - +0 leather armour
rPois   .          Reflect  .   (no helmet)
rElec   .          Harm     .   (no cloak)
rCorr   .          Rampage  .   (no gloves)
Will    .....                   (no boots)
Stlth   ++........              (no amulet)
HPRegen 0.08/turn               h - +6 ring of dexterity
MPRegen 0.10/turn               (no ring)

@: no status effects
A: powered by death 1, powered by pain 1
a: no special abilities


You were on level 2 of the Dungeon.
You visited 1 branch of the dungeon, and saw 3 of its levels.

You collected 72 gold pieces.

Inventory:

Hand Weapons
 j - a +0 spear (weapon)
Armour
 a - a +0 robe
 b - a +0 leather armour (worn)
Jewellery
 h - a +6 ring of dexterity (left hand)
Scrolls
 c - 3 scrolls of identify {unknown}
 e - a scroll of teleportation {unknown}
 f - a scroll of enchant weapon {unknown}
 i - a scroll of blinking {unknown}
 m - a scroll of magic mapping {unknown}
Potions
 d - a potion of resistance {unknown}
 g - a potion of attraction {unknown}
 k - a potion of invisibility {unknown}
 l - a potion of brilliance {unknown}


   Skills:
 + Level 2.3 Dodging
 + Level 2.3 Stealth
 + Level 2.5 Spellcasting
 + Level 3.9 Ice Magic


You couldn't memorise any spells.
You knew the following spells:

 Your Spells              Type           Power      Damage    Failure   Level
a - Freeze                Ice            64%        1d8       4%          1
b - Frozen Ramparts       Ice            32%        1d5       16%         3
c - Ozocubu's Armour      Ice            16%        N/A       16%         3

Your spell library contained the following spells:

 Spells                   Type           Power      Damage    Failure   Level
 Hailstorm                Conj/Ice       9%         3d4       73%         4


Dungeon Overview and Level Annotations

Branches:
Dungeon (3/15)

Altars:

Annotations:
D:2 Robin


Innate Abilities, Weirdness & Mutations

You regenerate a little health from kills.
You sometimes gain a little power by taking damage.


Message History

You hear a shout!
You reach to attack!
The gnoll shouts!
You hit the gnoll.
The gnoll is moderately wounded.
The gnoll hits you from afar with a +0 halberd.
A gnoll comes into view. It is wielding a +0 club.
You reach to attack!
You closely miss the gnoll.
The gnoll is moderately wounded.
The gnoll hits you from afar with a +0 halberd!
An endoplasm comes into view.
A frilled lizard comes into view.
The frilled lizard moves out of view.
Found a sling.
Okay, then.
Found a glowing cyan potion.
There is a stone staircase leading up here.
The gnoll hits you from afar with a +0 halberd.
You climb upwards.
Level annotation: Robin Robin shouts!
You hear a shout! x2
The goblin hits you but does no damage. The goblin hits you with a +0 club.
The goblin barely misses you.
Robin roars a battlecry!
The goblins go into a battle-frenzy!
There is a stone staircase leading down here.
The goblin attacks as you move away! The goblin barely misses you.
The goblin misses you. The goblin completely misses you.
Robin throws the goblin at you! The goblin hits you with a +0 club.
* * * LOW HITPOINT WARNING * * *
The goblin hits you but does no damage. The goblin attacks as you move away!
The goblin hits you with a +0 dagger.
* * * LOW HITPOINT WARNING * * *
The goblin hits you but does no damage. Robin throws the goblin at you!
* * * LOW HITPOINT WARNING * * *
The goblin attacks as you move away! The goblin hits you with a +0 dagger.
* * * LOW HITPOINT WARNING * * *
The goblin barely misses you. x2
The goblin attacks as you move away! The goblin hits you with a +0 dagger.
You die...

..# #...# ..# ...#### #
#.# #..... .# # #.#
#...# ..# #.###.#.#
##...##.#
......#.###....#..#
....#..÷##.......#
............gg.########
#######.##.gg@?÷......#
#.##>g.g#<#...>..
#.##.#.##...####.
#.#g!#..###.# #.#..##.#
..# #..gg# .. .#
...#g.# #.# .# ##.....#
.. . #...... #.# .#


You could see Robin and 6 goblins.

Vanquished Creatures
  3 dart slugs
  4 ball pythons
  An endoplasm (D:2)
  A giant cockroach (D:1)
  3 goblins (D:2)
  10 hobgoblins
  A quokka (D:2)
  4 bats (D:1)
  A frilled lizard (D:1)
  5 kobolds
  4 rats
37 creatures vanquished.

Notes
Turn   | Place    | Note
-------+----------+-------------------------------------------
     0 | D:1      | Ashen the Demonspawn Ice Elementalist began the quest for
                  | the Orb.
     0 | D:1      | Reached XP level 1. HP: 13/13 MP: 3/3
   415 | D:1      | Gained mutation: You sometimes gain a little power by
                  | taking damage. [demonic ancestry]
   415 | D:1      | Reached XP level 2. HP: 18/19 MP: 3/5
  1355 | D:1      | Gained mutation: You regenerate a little health from kills.
                  | [demonic ancestry]
  1355 | D:1      | Reached XP level 3. HP: 24/24 MP: 6/6
  1540 | D:2      | Identified the +0 helmet of Gravity {Fly Str+4 Int-2}
  1540 | D:2      | Noticed Robin
  1704 | D:3      | Learned a level 3 spell: Frozen Ramparts
  1708 | D:3      | Learned a level 3 spell: Ozocubu's Armour
  1888 | D:2      | HP: 1/24 [goblin/+0 dagger[Robin] (3)]
  1889 | D:2      | Slain by a goblin

Illustrated notes

Levels and vault maps discovered:
D:1:      co_arrival_square_in_a_square_in_a_square, layout_basic
D:2:      layout_rooms, hellmonk_ecumenical_altar_leap_of_faith, uniq_robin,
          uniq_sigmund
D:3:      layout_rooms, interstate_on_off, minmay_misc_feat_alley,
          nicolae_wormholes

Skill      XL: |  1 |
---------------+----+-----
Stealth        | 2 |  2.3
Dodging        | 2 |  2.3
Spellcasting   | |  2.5
Ice Magic      | |  3.9

Action                   || total
-------------------------++-------
Melee: Unarmed           ||    31
       Punch             ||     4
       Spear             ||    41
 Cast: Freeze            ||    34
  Use: Potion            ||     1
 Stab: Sleeping          ||     3
Armor: Robe              ||     6
       Leather armour    ||    20
Dodge: Dodged            ||    64
